 Dungeon Crawl Stone Soup version 0.23.1 (webtiles) character file.

Game seed: 571261709701874082

2687 esteth the Thaumaturge (level 9, -4/66 HPs)
             Began as a Gnoll Wizard on Mar 10, 2019.
             Was a Priest of Ashenzari.
             Slain by a wolf (7 damage)
             ... led by Grum
             ... on level 7 of the Dungeon.
             The game lasted 00:22:44 (8657 turns).

esteth the Thaumaturge (Gnoll Wizard)               Turns: 8657, Time: 00:22:46

Health: -4/66      AC:  5    Str: 10    XL:     9   Next: 64%
Magic:  1/30       EV: 15    Int: 24    God:    Ashenzari [***...]
Gold:   253        SH:  4    Dex: 13    Spells: 14/25 levels left

rFire    . . .     SeeInvis +   l - +1 spear (pierce) (curse)
rCold    . . .     Gourm    +   i - -1 buckler (curse)
rNeg     . . .     Faith    .   a - +0 robe
rPois    .         Spirit   .   G - +0 hat {MR+}
rElec    .         Reflect  .   k - +0 cloak
rCorr    .         Harm     .   x - +0 pair of gloves (curse)
MR       +....                  g - +0 pair of boots
Stlth    +++.......             D - amulet of the gourmand (curse)
HPRegen  0.21/turn              v - ring of magical power (curse)
MPRegen  0.22/turn              E - ring of see invisible

@: no status effects
A: distributed training, fangs 1, strong nose
a: Curse Item, Scrying, Renounce Religion


You were on level 7 of the Dungeon.
You worshipped Ashenzari.
Ashenzari was most pleased with you.
You were not hungry.

You visited 1 branch of the dungeon, and saw 8 of its levels.
You also visited: Ossuary.

You collected 313 gold pieces.
You spent 60 gold pieces at shops.

Inventory:

Hand Weapons
 l - a cursed +1 spear of piercing (weapon)
Armour
 a - a +0 robe (worn)
 g - a +0 pair of boots (worn)
 i - a cursed -1 buckler (worn)
 k - a +0 cloak (worn)
 x - a cursed +0 pair of gloves (worn)
 G - a +0 hat of magic resistance (worn)
Jewellery
 v - a cursed ring of magical power (left hand)
 D - a cursed amulet of the gourmand (around neck)
 E - a ring of see invisible (right hand)
Wands
 c - a wand of iceblast (17)
 j - a wand of flame (10)
 w - a wand of clouds (3)
 y - a wand of disintegration (7)
Scrolls
 h - 5 scrolls of teleportation {unknown}
 m - 9 scrolls of identify
 n - 4 scrolls of remove curse
 r - a scroll of immolation {unknown}
 u - a scroll of random uselessness {unknown}
 A - a scroll of amnesia {unknown}
 C - a scroll of noise {unknown}
Potions
 e - 2 potions of might {unknown}
 f - 3 potions of invisibility {unknown}
 p - 2 potions of curing {unknown}
 q - a potion of brilliance {unknown}
 s - 2 potions of flight {unknown}
 t - a potion of haste {unknown}
 z - a potion of agility {unknown}
 B - a potion of mutation {unknown}
 F - a potion of cancellation {unknown}
Comestibles
 d - 10 rations


   Skills:
 + Level 4.3 Fighting
 + Level 4.3 Short Blades
 + Level 4.3 Long Blades
 + Level 4.3 Axes
 + Level 4.3 Maces & Flails
 + Level 4.3(7.1) Polearms
 + Level 4.3 Staves
 + Level 4.3 Slings
 + Level 4.3 Bows
 + Level 4.3 Crossbows
 + Level 4.3 Throwing
 + Level 4.3 Armour
 + Level 6.4 Dodging
 + Level 6.1 Stealth
 + Level 4.3(6.1) Shields
 + Level 4.3 Unarmed Combat
 + Level 8.5 Spellcasting
 + Level 4.2(6.0) Conjurations
 + Level 3.6(5.3) Hexes
 + Level 3.6(5.3) Charms
 + Level 4.2(6.0) Summonings
 + Level 3.6(5.3) Necromancy
 + Level 4.2(6.0) Translocations
 + Level 3.6(5.3) Transmutations
 + Level 3.6(5.3) Fire Magic
 + Level 3.6(5.3) Ice Magic
 + Level 3.6(5.3) Air Magic
 + Level 3.6(5.3) Earth Magic
 + Level 3.6(5.3) Poison Magic
 + Level 4.8 Invocations
 + Level 4.3(6.1) Evocations


You had 14 spell levels left.
You knew the following spells:

 Your Spells              Type           Power        Failure   Level  Hunger
a - Magic Dart            Conj           ####         1%          1    None
b - Call Imp              Summ           #####...     1%          2    None
c - Conjure Flame         Conj/Fire      #####...     1%          3    None
d - Mephitic Cloud        Conj/Pois/Air  #####...     1%          3    None
e - Blink                 Tloc           N/A          1%          2    None

Your spell library contained the following spells:

 Spells                   Type           Power        Failure   Level  Hunger
 Slow                     Hex            #####...     1%          2    None


Dungeon Overview and Level Annotations

Branches:
Dungeon (8/15)             Temple (0/1) D:7
   Lair: D:8-11

Altars:
Ashenzari
Cheibriados
Elyvilon
Fedhas
Makhleb
Nemelex Xobeh
Okawaru
Ru
Sif Muna
Trog
Zin

Shops:
D:5 ?

Annotations:
D:2 Sigmund
D:6 2 exclusions
D:7 3 runed translucent doors, Lanoc's ghost, novice VSCK; Pikel
D:8 Grum


Innate Abilities, Weirdness & Mutations

Your experience applies equally to all skills.
You have very sharp teeth.
Your uncanny sense of smell can sniff out nearby items.


Message History

Your crimson imp blinks!
The wolf bites you!
* * * LOW HITPOINT WARNING * * *
Okay, then.
Casting: Magic Dart (safe; 1% risk of failure)
Confirm with . or Enter, or press ? or * to list all spells.
You blink.
Your crimson imp blinks!
The wolf barely misses your crimson imp.
Your crimson imp blinks!
Casting: Blink (safe; 1% risk of failure)
Confirm with . or Enter, or press ? or * to list all spells.
You blink.
Found 5 stones, 6 large rocks and an uncursed plate armour.
Found a runed translucent gate.
Casting: Blink (safe; 1% risk of failure)
Confirm with . or Enter, or press ? or * to list all spells.
A beastly little devil appears in a puff of flame.
The wolf completely misses you. The wolf bites you!
You die...

,, , * ∆ #.#.♣.♣.#. ,,
,, #W(..[..#<'.._..#.
,*,#....(..#.#.♣.♣.#. *
#..(....#.#.....#. **
*#####(....(.##########
, #.§####+++###
........ , ,
{#..#......... ......).
, #..#h..5'....
........ ,, ,+..'h@.5#
, ,........ '
*####....#* ###+#### ,,
,,....### , , .. ,
......#,, , , ,#..
,∆........# , , ,+..
........' , #..
........## * #.. *
..#####.., .## , ,


You could see 2 wolves, Lanoc's ghost (dormant) and 2 friendly crimson imps.

Vanquished Creatures
  A slave (D:7)
  2 ogres
  A phantom (D:4)
  A necrophage (D:7)
  2 wolves (D:8)
  A bullfrog (D:8)
  2 crimson imps
  A quasit (D:6)
  4 hounds
  An orc wizard (D:4)
  An iguana (D:6)
  A worker ant (D:5)
  A hound skeleton (D:5)
  A howler monkey zombie (D:7)
  A howler monkey skeleton (D:5)
  4 adders
  A shadow imp (D:7)
  An ooze (D:6)
  2 adder skeletons
  2 worms
  2 dart slugs
  4 leopard geckos
  11 orcs
  5 bats
  2 giant cockroaches
  8 goblins
  4 hobgoblins
  6 jackals
  5 quokkas
  A ball python (D:6)
  A ball python skeleton (D:6)
  2 frilled lizards (D:3)
  A goblin zombie (Ossuary)
  3 hobgoblin zombies (Ossuary)
  A jackal skeleton (D:5)
  4 kobolds
  3 kobold zombies (Ossuary)
  3 leopard gecko skeletons
  7 rats
  2 rat zombies (Ossuary)
106 creatures vanquished.

Vanquished Creatures (collateral kills)
  Gastronok (D:8)
  An ice beast (D:5)
  A sky beast (D:7)
  A phantom (D:4)
  2 ogres
  A centaur (D:5)
  Blork the orc (D:3)
  A wyvern skeleton (D:7)
  2 scorpions
  A water moccasin skeleton (D:5)
  A centaur zombie (D:7)
  A crimson imp (D:5)
  A hound (D:7)
  Terence (D:2)
  An orc wizard (D:4)
  3 worker ants
  3 mummies (Ossuary)
  2 adders (D:4)
  3 adder zombies (Ossuary)
  3 worms
  A dart slug (D:4)
  2 leopard geckos
  8 orcs
  A ball python (D:5)
  A giant cockroach (D:3)
  6 jackals
  2 goblin zombies (Ossuary)
  A kobold (D:2)
  A kobold zombie (Ossuary)
  An orc zombie (Ossuary)
  3 quokka zombies
  A rat (D:4)
59 creatures vanquished.

Vanquished Creatures (others)
  An orc (D:6)
1 creature vanquished.

Grand Total: 166 creatures vanquished

Notes
Turn   | Place    | Note
-------+----------+-------------------------------------------
     0 | D:1      | esteth the Gnoll Wizard began the quest for the Orb.
     0 | D:1      | Reached XP level 1. HP: 13/13 MP: 8/8
   553 | D:1      | Reached XP level 2. HP: 14/19 MP: 7/10
   906 | D:1      | Reached XP level 3. HP: 25/25 MP: 0/11
   993 | D:1      | Learned a level 2 spell: Call Imp
   997 | D:1      | Learned a level 3 spell: Conjure Flame
  1001 | D:1      | Learned a level 3 spell: Mephitic Cloud
  1222 | D:2      | Found a shattered altar of Ashenzari.
  1253 | D:2      | Found a white marble altar of Elyvilon.
  1260 | D:2      | Found a glowing silver altar of Zin.
  1260 | D:2      | Noticed Terence
  1493 | D:2      | Killed Terence
  1493 | D:2      | Reached skill level 1 in Invocations
  1505 | D:2      | Became a worshipper of Ashenzari the Shackled
  1545 | D:2      | Found a burning altar of Makhleb.
  1618 | D:2      | Noticed Sigmund
  1739 | D:2      | Reached skill level 1 in Fighting
  1739 | D:2      | Reached skill level 1 in Short Blades
  1739 | D:2      | Reached skill level 1 in Long Blades
  1739 | D:2      | Reached skill level 1 in Axes
  1739 | D:2      | Reached skill level 1 in Maces & Flails
  1739 | D:2      | Reached skill level 1 in Polearms
  1739 | D:2      | Reached skill level 1 in Staves
  1739 | D:2      | Reached skill level 1 in Slings
  1739 | D:2      | Reached skill level 1 in Bows
  1739 | D:2      | Reached skill level 1 in Crossbows
  1739 | D:2      | Reached skill level 1 in Throwing
  1739 | D:2      | Reached skill level 1 in Armour
  1739 | D:2      | Reached skill level 1 in Shields
  1739 | D:2      | Reached skill level 1 in Unarmed Combat
  1739 | D:2      | Reached skill level 1 in Evocations
  2017 | D:3      | Reached XP level 4. HP: 21/32 MP: 13/13
  2311 | D:3      | Learned a level 2 spell: Blink
  2519 | D:3      | Noticed Blork the orc
  2536 | D:3      | Killed Blork the orc
  2536 | D:3      | Reached skill level 1 in Hexes
  2536 | D:3      | Reached skill level 1 in Charms
  2536 | D:3      | Reached skill level 1 in Necromancy
  2536 | D:3      | Reached skill level 1 in Transmutations
  2536 | D:3      | Reached skill level 1 in Fire Magic
  2536 | D:3      | Reached skill level 1 in Ice Magic
  2536 | D:3      | Reached skill level 1 in Air Magic
  2536 | D:3      | Reached skill level 1 in Earth Magic
  2536 | D:3      | Reached skill level 1 in Poison Magic
  2536 | D:3      | Reached XP level 5. HP: 32/37 MP: 2/14
  2541 | D:3      | Found a deep blue altar of Sif Muna.
  2964 | D:4      | Noticed a phantom
  2975 | D:4      | Killed a phantom
  2975 | D:4      | Reached XP level 6. HP: 19/44 MP: 11/16
  2990 | D:4      | Noticed a phantom
  3037 | D:4      | Killed a phantom
  3037 | D:4      | Reached skill level 5 in Dodging
  3610 | D:4      | Reached * piety under Ashenzari
  3621 | D:4      | Reached XP level 7. HP: 50/50 MP: 10/18
  3628 | D:4      | Noticed a moth of wrath
  3631 | D:4      | Found a bloodstained altar of Trog.
  4128 | D:5      | Entered Level 5 of the Dungeon
  4137 | D:5      | Found a sacrificial altar of Ru.
  4208 | D:5      | Found a sand-covered staircase.
  4245 | Ossuary  | Entered an ossuary
  5009 | D:5      | Reached skill level 5 in Stealth
  5432 | D:5      | Found a snail-covered altar of Cheibriados.
  5929 | D:5      | Found Mockooni's Magic Scroll Emporium.
  5937 | D:5      | Bought a scroll of remove curse for 30 gold pieces
  5937 | D:5      | Bought a scroll of remove curse for 30 gold pieces
  6279 | D:6      | Reached ** piety under Ashenzari
  6918 | D:6      | Found a sparkling altar of Nemelex Xobeh.
  6935 | D:6      | Reached XP level 8. HP: 40/57 MP: 12/19
  7579 | D:7      | Found a blossoming altar of Fedhas.
  7644 | D:7      | Found a staircase to the Ecumenical Temple.
  8050 | D:7      | Reached skill level 8 in Spellcasting
  8261 | D:7      | Found an iron altar of Okawaru.
  8405 | D:7      | Noticed Pikel
  8509 | D:8      | Reached *** piety under Ashenzari
  8545 | D:8      | Noticed Gastronok
  8573 | D:8      | Killed Gastronok
  8573 | D:8      | Reached XP level 9. HP: 65/65 MP: 21/21
  8606 | D:8      | Found a bloodstained altar of Trog.
  8608 | D:8      | Noticed Grum
  8650 | D:7      | HP: 2/66 [wolf[Grum] (7)]
  8656 | D:7      | Found a runed translucent gate.
  8656 | D:7      | Found a runed translucent gate.
  8656 | D:7      | Found a runed translucent gate.
  8656 | D:7      | Noticed Lanoc's ghost (novice VSCK)
  8657 | D:7      | Slain by a wolf

Skill      XL: |  1  2  3  4  5  6  7  8 |
---------------+-------------------------+-----
Conjurations   | 2 3 4 |  4.2
Summonings     | 2 3 4 |  4.2
Translocations | 2 3 4 |  4.2
Invocations    | 1 2 3 4 |  4.8
Fighting       | 1 2 4 |  4.3
Short Blades   | 1 2 4 |  4.3
Long Blades    | 1 2 4 |  4.3
Axes           | 1 2 4 |  4.3
Maces & Flails | 1 2 4 |  4.3
Polearms       | 1 2 4 |  4.3
Staves         | 1 2 4 |  4.3
Slings         | 1 2 4 |  4.3
Bows           | 1 2 4 |  4.3
Crossbows      | 1 2 4 |  4.3
Throwing       | 1 2 4 |  4.3
Armour         | 1 2 4 |  4.3
Shields        | 1 2 4 |  4.3
Unarmed Combat | 1 2 4 |  4.3
Evocations     | 1 2 4 |  4.3
Hexes          | 1 2 3 |  3.6
Charms         | 1 2 3 |  3.6
Necromancy     | 1 2 3 |  3.6
Transmutations | 1 2 3 |  3.6
Fire Magic     | 1 2 3 |  3.6
Ice Magic      | 1 2 3 |  3.6
Air Magic      | 1 2 3 |  3.6
Earth Magic    | 1 2 3 |  3.6
Poison Magic   | 1 2 3 |  3.6
Dodging        | 5 6 |  6.4
Stealth        | 5 6 |  6.1
Spellcasting   | 8 |  8.5

Action                   |  1- 3 |  4- 6 |  7- 9 || total
-------------------------+-------+-------+-------++-------
Melee: Unarmed           |    25 |       |       ||    25
       Bite              |     2 |     5 |    20 ||    27
       Spear             |    16 |   140 |   318 ||   474
 Cast: Magic Dart        |    56 |     1 |    38 ||    95
       Call Imp          |    10 |    38 |   106 ||   154
       Conjure Flame     |       |     2 |       ||     2
       Mephitic Cloud    |       |     1 |     4 ||     5
       Blink             |       |     1 |     6 ||     7
Invok: Curse Item        |       |     1 |     2 ||     3
  Use: Scroll            |     2 |       |       ||     2
       Potion            |       |     3 |     3 ||     6
 Stab: Sleeping          |     3 |     4 |    10 ||    17
       Distracted        |       |     4 |     4 ||     8
       Confused          |       |       |     1 ||     1
  Eat: Chunk             |     3 |     5 |    12 ||    20
       Ration            |       |       |     2 ||     2
Armor: Robe              |     9 |    21 |    52 ||    82
       Skin              |       |    65 |       ||    65
Dodge: Dodged            |    41 |   101 |   247 ||   389
Block: Buckler           |       |     5 |    51 ||    56
